Map: Year Zero LE

Players

RexRequired

  • Race: Terran Terran
  • Spawn Location: 11:00

Rook

  • Race: Terran Terran
  • League: Diamond
  • Spawn Location: 1:00

A.I. 4 (Very Easy)

  • Race: Protoss Protoss

VOD

Have the link to the VOD?

Description

Time

  • Played on: April 4, 2019, 2:07 p.m.
  • Length: 7:30
Show
View Real Time Build Order
Export as new Build Order

RexRequired Terran 

Build Orders: Gas First Reaper Expand, Liberator Opening 

Get SALT Encoding   

  12  0:01  SCV  
  13  0:13  SCV  
  14  0:18  Supply Depot  
  14  0:26  SCV  
  15  0:29  Refinery  
  15  0:40  SCV  
  16  0:46  Barracks  
  16  0:52  SCV  
  17  1:04  SCV  
  18  1:16  SCV  
  19  1:33  Orbital Command, Reaper  
  20  1:45  Command Center  
  20  1:56  Factory  
  21  2:01  SCV  
  21  2:05  Refinery  
  21  2:08  Barracks Reactor  
  21  2:13  SCV  
  22  2:18  Supply Depot  
  22  2:25  SCV  
  23  2:39  SCV  
  23  2:41  Hellion  
  23  2:43  Starport  
  26  2:47  Marine x2  
  28  2:52  SCV  
  29  3:00  Orbital Command  
  29  3:05  Marine x2  
  29  3:09  Widow Mine  
  29  3:12  SCV  
  34  3:20  Medivac  
  34  3:23  Marine x2  
  34  3:25  SCV  
  39  3:28  SCV  
  40  3:35  Barracks  
  40  3:36  Factory Tech Lab  
  40  3:37  Liberator  
  40  3:40  SCV  
  41  3:44  Supply Depot  
  41  3:48  SCV  
  41  3:52  SCV  
  46  4:05  SCV x2  
  46  4:08  Factory Tech Lab, Barracks  
  48  4:10  Marine x2  
  48  4:16  Supply Depot  
  50  4:17  SCV  
  50  4:18  SCV  
  52  4:24  Supply Depot  
  52  4:28  Marine x2  
  52  4:30  Engineering Bay  
  54  4:34  Stimpack  
  54  4:38  Marine, SCV x2  
  57  4:41  Starport Reactor  
  57  4:42  Factory Reactor  
  57  4:47  Bunker  
  57  4:49  Marine  
  57  4:50  SCV x2  
  57  4:51  Marine  
  61  4:55  Marine  
  61  4:59  Terran Infantry Weapons Level 1  
  62  5:01  Refinery  
  62  5:03  Marine  
  62  5:06  Combat Shield  
  63  5:07  Marine  
  63  5:08  SCV  
  63  5:09  SCV, Marine  
  67  5:19  Supply Depot  
  67  5:21  SCV x2, Supply Depot  
  69  5:30  Marine  
  70  5:40  SCV x2, Supply Depot  
  70  5:41  Widow Mine, Marauder x2  
  78  5:42  Marine  
  78  5:43  Widow Mine  
  78  5:44  Medivac x2  
  85  5:50  Supply Depot x2  
  85  5:51  Marine  
  86  6:01  Marine  
  86  6:02  Marauder x2  
  91  6:06  Widow Mine  
  91  6:09  Marine  
  94  6:12  Widow Mine  
  94  6:13  Supply Depot  
  94  6:14  Supply Depot  
  94  6:17  Medivac x2  
  100  6:24  Supply Depot  
  100  6:25  Marine  
  101  6:26  SCV x2  
  101  6:27  Marine  
  101  6:29  Marauder x2  
  101  6:31  Concussive Shells  
  108  6:36  Supply Depot  
  108  6:37  Supply Depot  
  108  6:41  Widow Mine  
  108  6:42  Widow Mine  
  108  6:43  Marine  
  108  6:45  Marine  
  114  6:50  Marauder  
  114  6:51  Marauder  
  118  7:00  Command Center  
  118  7:01  Marine  
  119  7:03  Marine  
  119  7:05  Widow Mine  
  119  7:06  Widow Mine  
  128  7:23  Barracks x2  
Show
View Real Time Build Order
Export as new Build Order

Rook Terran 

Build Orders:  

Get SALT Encoding   

  12  0:00  Probe  
  13  0:13  Probe  
  14  0:21  Pylon  
  14  0:37  Assimilator  
  14  0:43  Gateway  
  14  0:46  Pylon  
  14  1:14  Assimilator  
  14  1:17  Probe  
  15  1:25  Probe  
  16  1:32  Cybernetics Core  
  16  1:33  Probe  
  17  1:44  Probe  
  18  1:56  Probe  
  18  1:58  Warp Gate  
  19  2:04  Probe  
  20  2:11  Stalker  
  22  4:29  Probe  
  22  5:06  Stalker  
  24  5:07  Probe  
  10  5:19  Probe  
  2  5:31  Probe  
  2  5:34  Zealot  
  4  5:40  Pylon  
  4  5:43  Probe  
  1  6:03  Stalker  
    6:31  Stalker  
Show
View Real Time Build Order
Export as new Build Order

A.I. 4 (Very Easy) Protoss 

Build Orders:  

Get SALT Encoding   

Tags
 
Add a new tag
Caveats
  • Supply blocks, unpowered buildings, or Contaminate may cause inaccurate times.
  • Supply counts are checked every 10 seconds.